 Dungeon Crawl Stone Soup version 0.30.1-11-g7821555f0a (webtiles) character file.

Game seed: 11946735206599887324

66 comborobin the Trooper (level 3, -3/33 HPs)
             Began as a Minotaur Delver on Nov 19, 2023.
             Was an Initiate of Trog.
             Slain by Sigmund
             ... wielding a +0 scythe
              (5 damage)
             ... on level 6 of the Dungeon.
             The game lasted 00:01:18 (486 turns).

comborobin the Trooper (Minotaur Delver)             Turns: 486, Time: 00:01:19

Health: -3/33      AC:  3    Str: 16    XL:     3   Next: 96%
Magic:  2/2        EV: 12    Int:  7    God:    Trog [......]
Gold:   28         SH:  0    Dex: 13    Spells: 2/2 levels left

rFire   . . .        a - +0 hand axe
rCold   . . .        (no shield)
rNeg    . . .        b - +0 leather armour
rPois   .            (helmet restricted)
rElec   .            (no cloak)
rCorr   .            (no gloves)
SInv    .            (no boots)
Will    .....        (no amulet)
Stlth   ++           (no ring)
HPRegen 0.25/turn    (no ring)
MPRegen 0.08/turn

%: no passive effects
@: no status effects
A: horns 2, retaliatory headbutt
a: Renounce Religion


You were on level 6 of the Dungeon.
You worshipped Trog.
Trog was noncommittal.
You visited 2 branches of the dungeon, and saw 3 of its levels.

You collected 28 gold pieces.

Inventory:

Hand Weapons
 a - a +0 hand axe (weapon)
Armour
 b - a +0 leather armour (worn)
Wands
 g - a wand of digging (3)
Scrolls
 c - a scroll of fog
 e - a scroll of fear


   Skills:
 + Level 4.3 Fighting
 * Level 4.0 Axes
 + Level 2.0 Armour
 - Level 2.1 Dodging
 - Level 4.1 Stealth


You had 2 spell levels left.
You didn't know any spells.
Your spell library was empty.

Dungeon Overview and Level Annotations

Branches:
Dungeon (6/15)             Temple (1/1) D:5

Altars:
Ashenzari
Fedhas
Okawaru
Trog
Uskayaw
Vehumet
Wu Jian
Yredelemnul
The Shining One

Annotations:
D:6 Sigmund


Innate Abilities, Weirdness & Mutations

You have a pair of horns on your head.
You reflexively headbutt those who attack you in melee.


Message History

You now have 28 gold pieces (gained 13).
Sigmund the Dreaded comes into view.
He is wielding a +0 scythe.
Sigmund is nearby!
Sigmund is nearby!
Okay, then.
You aren't carrying any potions.
Okay, then.
Sigmund shouts!
Sigmund says, "Now you see me, now you don't..."
Sigmund gestures wildly while chanting.
Sigmund flickers and vanishes!
Deactivating autopickup; reactivate with Ctrl-A.
You hit something. Something hits you.
You closely miss something. Your headbutt misses something.
You hear some strange, mumbled words.
You are confused.
You closely miss something.
You hear some strange, mumbled words.
A magic dart appears from out of thin air!
The magic dart hits you!
You're too confused to move!
Something hits you.
You aren't carrying any potions.
Unknown command.
You are too confused!
You hit something but do no damage. Something hits you but does no damage.
You barely miss something. Your headbutt misses something. You hit something.
Your headbutt misses something. Something hits you!
You miss something. Something hits you.
* * * LOW HITPOINT WARNING * * *
You aren't carrying any potions.
You are too confused!
Unknown command.
You are too confused!
You miss something.
You feel less confused. Something hits you!
* * * LOW HITPOINT WARNING * * *
You barely miss something. You miss something. Something hits you.
You die...

## .# ### .# ..#
.# #.# .# #.# .#
#.# .# #.# .# #{#
.# #@# .# #.# .#
#.# .# #.# .# #.#
.###############.#
.................#
.#################
##


There were no monsters in sight!

Vanquished Creatures
  A centaur skeleton (D:6)
  An orc wizard (D:6)
  An ufetubus (D:6)
  5 orcs (D:6)
8 creatures vanquished.

Notes
Turn   | Place    | Note
-------+----------+-------------------------------------------
     0 | D:5      | comborobin the Minotaur Delver began the quest for the Orb.
     0 | D:5      | Reached XP level 1. HP: 19/19 MP: 0/0
    31 | D:6      | Reached skill level 1 in Armour
    31 | D:6      | Reached XP level 2. HP: 13/27 MP: 1/1
   116 | D:6      | Reached XP level 3. HP: 19/33 MP: 2/2
   149 | D:6      | Noticed a scorpion
   227 | D:5      | Found a staircase to the Ecumenical Temple.
   233 | Temple   | Entered the Ecumenical Temple
   294 | Temple   | Became a worshipper of Trog the Wrathful
   316 | D:5      | Noticed a phantom
   469 | D:6      | Noticed Sigmund
   484 | D:6      | HP: 1/33 [something (7)]
   486 | D:6      | Slain by Sigmund

Illustrated notes

Levels and vault maps discovered:
D:5:      layout_cave_pods, mainiacjoe_overflow_paths, minmay_temple_entry_hall
D:6:      layout_basic, gammafunk_temple_overflow_statue,
          gammafunk_temple_overflow_wave, serial_undead, serial_undead_a,
          serial_undead_a, serial_undead_f, serial_undead_d, serial_undead_e,
          serial_undead_e, serial_undead_e, serial_undead_b, minmay_hedge_maze,
          uniq_sigmund
Temple:   nicolae_temple_hex_pool

Skill      XL: |  1  2  3 |
---------------+----------+-----
Fighting       | 4 |  4.3
Axes           | 3 4 |  4.0
Armour         | 1 2 |  2.0
Dodging        | |  2.1
Stealth        | |  4.1

Action                     || total
---------------------------++-------
  Melee: Hand axe          ||    37
         Headbutt          ||     5
    Use: Potion            ||     1
         Scroll            ||     1
 Armour: Leather armour    ||    12
  Dodge: Dodged            ||    21
